Map: [ESL] Hecate

Players

MaxPax - Winner!

  • Race: Protoss Protoss
  • Spawn Location: 7:00

SKillous

  • Race: Protoss Protoss
  • Spawn Location: 1:00

Event: ESL SC2 Masters 2023 Winter (Regional)

VOD

Have the link to the VOD?

Description

Time

  • Played on: Nov. 1, 2023, 1:12 p.m.
  • Length: 7:46

All games in this series

Show
View Real Time Build Order
Export as new Build Order

MaxPax Protoss - Winner!

Build Orders: Oracle Opening 

Get SALT Encoding   

  12  0:00  Probe  
  13  0:12  Probe  
  14  0:19  Pylon  
  14  0:24  Probe  
  15  0:37  Gateway, Probe (Chrono Boost)  
  16  0:46  Probe (Chrono Boost)  
  16  0:47  Assimilator  
  17  0:51  Probe (Chrono Boost)  
  17  0:55  Assimilator  
  18  1:03  Probe (Chrono Boost)  
  19  1:04  Pylon  
  19  1:12  Probe (Chrono Boost)  
  20  1:19  Probe  
  20  1:25  Cybernetics Core  
  21  1:31  Probe  
  21  1:32  Zealot  
  24  1:43  Probe  
  25  1:55  Probe  
  26  2:02  Stargate, Stalker  
  28  2:12  Warp Gate  
  28  2:27  Nexus  
  28  2:33  Shield Battery  
  28  2:41  Pylon  
  28  2:45  Oracle (Chrono Boost)  
  31  2:59  Probe  
  31  3:03  Stalker  
  33  3:11  Probe  
  38  3:20  Void Ray (Chrono Boost)  
  38  3:23  Probe  
  39  3:32  Gateway  
  39  3:39  Probe (Chrono Boost)  
  41  3:43  Probe (Chrono Boost)  
  41  3:47  Twilight Council  
  41  3:50  Probe (Chrono Boost)  
  41  3:53  Probe (Chrono Boost)  
  43  3:56  Probe  
  43  4:01  Stalker  
  46  4:04  Probe  
  46  4:08  Probe  
  48  4:19  Blink (Chrono Boost), Probe  
  48  4:22  Probe  
  44  4:31  Probe  
  44  4:35  Probe  
  44  4:43  Stalker x2, Probe  
  49  4:47  Gateway, Probe  
  49  4:51  Gateway  
  50  4:55  Probe, Pylon  
  50  4:59  Probe  
  52  5:07  Probe  
  52  5:11  Probe  
  54  5:15  Pylon, Assimilator, Stalker x2  
  54  5:20  Probe  
  59  5:23  Probe  
  60  5:32  Pylon  
  60  5:35  Robotics Facility  
  60  5:41  Stalker x2  
  64  5:43  Stalker  
  64  5:46  Stalker  
  68  5:53  Nexus  
  68  6:03  Probe  
  69  6:08  Stalker x3  
  75  6:14  Stalker  
  75  6:15  Probe  
  78  6:31  Pylon  
  78  6:33  Pylon  
  78  6:36  Pylon  
  78  6:43  Probe x2  
  78  6:44  Observer (Chrono Boost)  
  73  6:51  Stalker x4  
  81  6:55  Probe x2  
  81  6:56  Pylon  
  81  6:59  Forge  
  83  7:02  Gateway  
  83  7:06  Probe  
  83  7:07  Probe  
  83  7:08  Probe  
  86  7:10  Observer (Chrono Boost)  
  87  7:18  Probe  
  87  7:19  Probe  
  87  7:20  Probe  
  88  7:26  Stalker x4  
  94  7:30  Probe  
  94  7:31  Probe  
  94  7:32  Probe  
  94  7:35  Shield Battery  
Show
View Real Time Build Order
Export as new Build Order

SKillous Protoss 

Build Orders:  

Get SALT Encoding   

  12  0:00  Probe  
  13  0:12  Probe  
  14  0:17  Pylon  
  14  0:24  Probe  
  15  0:35  Gateway  
  15  0:37  Probe (Chrono Boost)  
  16  0:46  Assimilator, Probe (Chrono Boost)  
  17  0:51  Probe (Chrono Boost)  
  17  0:54  Assimilator  
  18  1:03  Probe (Chrono Boost)  
  19  1:14  Probe (Chrono Boost)  
  19  1:16  Gateway  
  20  1:18  Probe (Chrono Boost)  
  20  1:24  Cybernetics Core  
  21  1:29  Probe  
  22  1:35  Pylon  
  22  1:41  Probe  
  23  1:54  Probe  
  24  2:00  Stalker, Warp Gate  
  26  2:03  Stalker  
  28  2:12  Pylon  
  28  2:30  Stalker  
  28  2:33  Stalker  
  32  2:50  Nexus  
  32  2:53  Probe  
  33  3:05  Pylon  
  33  3:12  Pylon  
  33  3:23  Probe (Chrono Boost)  
  34  3:27  Twilight Council  
  34  3:35  Probe (Chrono Boost)  
  35  3:42  Probe (Chrono Boost)  
  35  3:47  Stalker  
  38  3:49  Probe, Stalker  
  41  4:01  Shield Battery  
  42  4:03  Blink (Chrono Boost)  
  42  4:07  Probe (Chrono Boost)  
  42  4:08  Probe (Chrono Boost)  
  43  4:15  Stalker  
  42  4:20  Stalker  
  35  4:26  Probe  
  36  4:33  Probe  
  32  4:40  Probe  
  32  4:45  Probe  
  33  4:46  Sentry  
  33  4:47  Sentry  
  33  4:52  Probe  
  38  4:57  Phoenix  
  38  4:59  Probe  
  40  5:07  Probe (Chrono Boost)  
  40  5:09  Stalker  
  40  5:11  Stalker  
  44  5:17  Probe (Chrono Boost)  
  44  5:21  Probe (Chrono Boost)  
  46  5:22  Probe (Chrono Boost)  
  47  5:29  Probe  
  47  5:30  Shield Battery  
  47  5:31  Probe  
  49  5:39  Stalker  
  49  5:41  Probe  
  52  5:43  Probe  
  53  5:52  Stalker  
  53  5:53  Probe  
  53  5:55  Probe  
  57  6:05  Probe  
  57  6:07  Probe  
  57  6:08  Stalker  
  57  6:10  Shield Battery  
  61  6:12  Pylon  
  58  6:30  Probe x2  
  58  6:32  Pylon  
  60  6:33  Pylon  
  60  6:35  Pylon  
  54  6:49  Gateway  
  54  6:51  Probe x2 (Chrono Boost)  
  56  6:58  Nexus  
  56  6:59  Pylon  
  56  7:06  Stalker  
  56  7:07  Probe (Chrono Boost)  
  60  7:08  Probe (Chrono Boost)  
  60  7:14  Stalker  
  60  7:15  Probe (Chrono Boost)  
  62  7:16  Probe  
  64  7:28  Probe (Chrono Boost)  
  64  7:29  Probe (Chrono Boost)  
  66  7:32  Robotics Facility, Forge  
  66  7:40  Stalker  
Tags
 
Add a new tag
Caveats
  • Supply blocks, unpowered buildings, or Contaminate may cause inaccurate times.
  • Supply counts are checked every 10 seconds.